 Dungeon Crawl Stone Soup version 0.30-a0-719-gcc4359ea44 (webtiles) character file.

Game seed: 16944021721264165224

77 sircluck the Covered (level 4, -1/1 HPs)
             Began as a Meteoran Fighter on Jan 27, 2023.
             Slain by a jackal (2 damage)
             ... on level 3 of the Dungeon.
             The game lasted 00:06:14 (2700 turns).

sircluck the Covered (Meteoran Fighter)             Turns: 2700, Time: 00:06:14

Health: -1/1       AC:  7    Str: 19    XL:     4   Next: 89%
Magic:  5/5        EV:  9    Int: 10    God:
Gold:   183        SH:  5    Dex: 13    Spells: 3/3 levels left

rFire   . . .      SeeInvis .    a - +0 long sword
rCold   . . .      Faith    .    c - +0 buckler
rNeg    . . .      Spirit   .    b - +0 scale mail
rPois   .          Reflect  .    (no helmet)
rElec   .          Harm     .    (no cloak)
rCorr   .          Rampage  .    (no gloves)
Will    .....                    (no boots) Stlth
                                 (no amulet)
HPRegen 0.20/turn                (no ring)
MPRegen 0.09/turn                (no ring)

@: glowing
A: sense surroundings 1, otherworldly, glowing, explore regen
a: no special abilities


You were on level 3 of the Dungeon.
You visited 1 branch of the dungeon, and saw 3 of its levels.

You collected 183 gold pieces.

Inventory:

Hand Weapons
 a - a +0 long sword (weapon)
Armour
 b - a +0 scale mail (worn)
 c - a +0 buckler (worn)
Jewellery
 h - a +5 ring of evasion
Scrolls
 f - a scroll of identify {unknown}
 g - a scroll of enchant weapon {unknown}
 k - a scroll of noise {unknown}
 l - a scroll of summoning {unknown}
Potions
 d - 2 potions of might
 e - 4 potions of curing {unknown}
 i - a potion of degeneration {unknown}
 j - a potion of brilliance {unknown}
 m - a potion of flight {unknown}
 n - a potion of cancellation {unknown}


   Skills:
 + Level 3.8 Fighting
 + Level 3.5 Long Blades
 + Level 4.5 Armour
 + Level 0.4 Dodging
 + Level 4.0 Shields


You had 3 spell levels left.
You didn't know any spells.
Your spell library contained the following spells:

 Spells                   Type           Power      Damage    Failure   Level
 Cigotuvi's Dreadful Rot  Necr/Pois/Air  0%         N/A       91%         2
 Poisonous Vapours        Pois/Air       0%         N/A       91%         2
 Mephitic Cloud           Conj/Pois/Air  0%         N/A       99%         3


Dungeon Overview and Level Annotations

Branches:
Dungeon (3/15) Zot: 659

Altars:

Annotations:
D:3 Terence


Innate Abilities, Weirdness & Mutations

You passively map a small area around you.
You are easily found by Zot.
You glow in the dark.
You regain HP and MP as you explore.


Message History

Unknown command.
Unknown command.
Unknown command.
Unknown command.
Unknown command.
There is an open door here.
You open the door.
You have lingered too long.
Zot senses you.
Dive deeper or flee this branch before you suffer!
There is an open door here.
Zot draws nearer.
Dive deeper or flee this branch before you suffer!
There is an open door here.
There is an open door here.
Zot has nearly found you.
Suffering is imminent.
Descend or flee this branch!
There is an open door here.
Zot's power touches on you...
Unknown command.
There is an open door here.
There is an open door here.
There is a stone staircase leading up here.
You climb upwards.
There is a stone staircase leading down here.
You see here a +0 dagger.
You see here a +0 whip.
You see here a +0 short sword.
You see here a +0 pair of boots.
You see here a +0 pair of boots.
You have lingered too long.
Zot senses you.
Dive deeper or flee this branch before you suffer!
There is a stone staircase leading down here.
You climb downwards.
There is a stone staircase leading up here.
There is an open door here.
There is an escape hatch in the floor here.
You slide downwards.
The hatch slams shut behind you.
As you enter the new level, Zot loses track of you.
Terence shouts!
The kobold shouts!
The jackal barks! x2; The orc shouts! x3
You hear a shout! x2
Found a whip.
You hit the jackal but do no damage. The jackal bites you.
Ouch! That really hurt!
You die...

* , ## #+# ,.#
.. #.# ..# ,
.###.###..# #
.........#
..###......#.#
#............#
*...@K..h...#
, #..@...# *
#....).#
##.h...#*
##.#...# *
#...h..# , *
#..o....# #o.
....# *
#..o....# * ,


You could see Terence, 3 orcs, 3 jackals and a kobold.

Vanquished Creatures
  4 adders (D:2)
  A dart slug (D:1)
  3 giant cockroaches
  A goblin (D:2)
  5 hobgoblins
  4 quokkas
  8 ball pythons
  2 bats (D:1)
  3 frilled lizards
  3 kobolds
  7 rats
41 creatures vanquished.

Notes
Turn   | Place    | Note
-------+----------+-------------------------------------------
     0 | D:1      | sircluck the Meteoran Fighter began the quest for the Orb.
     0 | D:1      | Reached XP level 1. HP: 19/19 MP: 2/2
   134 | D:1      | Reached XP level 2. HP: 25/26 MP: 3/3
   350 | D:1      | Reached XP level 3. HP: 31/31 MP: 4/4
   487 | D:1      | Glimpsed the power of Zot.
   537 | D:1      | Glimpsed the power of Zot.
   577 | D:1      | Glimpsed the power of Zot.
   586 | D:1      | Touched by the power of Zot.
   686 | D:1      | Glimpsed the power of Zot.
  1085 | D:2      | Reached XP level 4. HP: 31/31 MP: 5/5
  1264 | D:2      | Glimpsed the power of Zot.
  1312 | D:2      | Glimpsed the power of Zot.
  1352 | D:2      | Glimpsed the power of Zot.
  1362 | D:2      | Touched by the power of Zot.
  1461 | D:2      | Glimpsed the power of Zot.
  1511 | D:2      | Glimpsed the power of Zot.
  1550 | D:2      | Glimpsed the power of Zot.
  1560 | D:2      | Touched by the power of Zot.
  1569 | D:2      | Found a faded altar of an unknown god.
  1661 | D:2      | Glimpsed the power of Zot.
  1711 | D:2      | Glimpsed the power of Zot.
  1751 | D:2      | Glimpsed the power of Zot.
  1760 | D:2      | Touched by the power of Zot.
  1861 | D:2      | Glimpsed the power of Zot.
  1911 | D:2      | Glimpsed the power of Zot.
  1951 | D:2      | Glimpsed the power of Zot.
  1960 | D:2      | Touched by the power of Zot.
  2061 | D:2      | Glimpsed the power of Zot.
  2111 | D:2      | Glimpsed the power of Zot.
  2151 | D:2      | Glimpsed the power of Zot.
  2160 | D:2      | Touched by the power of Zot.
  2261 | D:2      | Glimpsed the power of Zot.
  2311 | D:2      | Glimpsed the power of Zot.
  2351 | D:2      | Glimpsed the power of Zot.
  2360 | D:2      | Touched by the power of Zot.
  2461 | D:2      | Glimpsed the power of Zot.
  2511 | D:2      | Glimpsed the power of Zot.
  2551 | D:2      | Glimpsed the power of Zot.
  2560 | D:2      | Touched by the power of Zot.
  2660 | D:1      | Glimpsed the power of Zot.
  2699 | D:3      | Noticed Terence
  2700 | D:3      | Slain by a jackal

Illustrated notes

Levels and vault maps discovered:
D:1:      heliophobic_arrival_henge, layout_basic, st_stairs_13,
          minmay_misc_feat_tower, serial_bayou_lagoon_a
D:2:      layout_basic, shapermc_ecumenical_altar_mp_vishouse,
          kennysheep_generic_room_2
D:3:      layout_rooms, lemuel_doored_altar, uniq_terence

Skill      XL: |  1  2  3 |
---------------+----------+-----
Armour         | 4 |  4.5
Shields        | 4 |  4.0
Long Blades    | 3 |  3.5
Fighting       | |  3.8
Dodging        | |  0.4

Action                     |  1- 3 |  4- 6 || total
---------------------------+-------+-------++-------
  Melee: Long sword        |    74 |    57 ||   131
 Armour: Scale mail        |    40 |    42 ||    82
  Dodge: Dodged            |    28 |    32 ||    60
  Block: Buckler           |    14 |    17 ||    31

Table legend: (Time is in decaauts)
 A = Elapsed time spent in this place.
 B = Non-inter-level travel time spent in this place.
 C = Inter-level travel time spent in this place.
 D = Time resting spent in this place.
 E = Time spent auto-exploring this place.
 F = Levels seen in this place.
 G = Mean time per level.
                   A        B        C        D        E       F      G
               +--------+--------+--------+--------+--------+-----+--------+
         Total |   2740 |   2393 |    347 |      0 |   1403 |   3 |  913.3 |
       Dungeon |   2740 |   2393 |    347 |      0 |   1403 |   3 |  913.3 |
               +--------+--------+--------+--------+--------+-----+--------+

Top non-repeatable levels by time:
     D:2: 1976 daAuts
     D:1: 763 daAuts
     D:3: 0 daAuts
